 Dungeon Crawl Stone Soup version 0.17-a0-1763-g847a857 (webtiles) character file.

99 Izanagi the Skirmisher (level 4, 0/41 HPs)
             Began as a Minotaur Fighter on Sept 4, 2015.
             Succumbed to an adder's poison
             ... on level 2 of the Dungeon.
             The game lasted 00:07:37 (1225 turns).

Izanagi the Skirmisher (Minotaur Fighter)           Turns: 1225, Time: 00:07:37

Health: 0/41       AC:  8    Str: 27    XL:     4   Next: 45%
Magic:  3/3        EV:  7    Int:  5    God:
Gold:   157        SH: 10    Dex:  9    Spells: 0 memorised, 3 levels left

rFire  + + .     SeeInvis .     a - +0 trident
rCold  x . .     Clarity  .     b - +0 scale mail
rNeg   . . .     SustAt   .     c - +0 shield
rPois  .         Gourm    .     (helmet restricted)
rElec  .         Spirit   .     (no cloak)
rCorr  .         Warding  .     (no gloves)
rMut   .         Stasis   .     o - +0 pair of boots
MR     .....                    (no amulet)
Stlth  ..........               l - ring of protection from fire
                                s - ring of fire

@: mighty, lethally poisoned (0 -> -11), flying, not resistant to hostile
enchantments, extremely unstealthy
A: retaliatory headbutt, horns 2
a: no special abilities


You were on level 2 of the Dungeon.
You were not hungry.

You visited 1 branch of the dungeon, and saw 4 of its levels.

You collected 157 gold pieces.

Inventory:

Hand weapons
 a - a +0 trident (weapon)
Armour
 b - a +0 scale mail (worn)
 c - a +0 shield (worn)
 o - a +0 pair of boots (worn)
Jewellery
 l - a ring of protection from fire (right hand)
 s - a ring of fire (left hand)
Scrolls
 f - a scroll of fear {unknown}
 h - a scroll of amnesia {unknown}
 j - a scroll of fog {unknown}
 q - a scroll of remove curse {unknown}
Potions
 k - a potion of magic
Comestibles
 e - 2 bread rations
 g - a meat ration
 i - 4 fruits
 p - a beef jerky


   Skills:
 * Level 4.7 Fighting
 + Level 2.8 Polearms
 * Level 4.7 Armour
 + Level 4.3 Shields


You had 3 spell levels left.
You didn't know any spells.

Dungeon Overview and Level Annotations

Branches:
Dungeon (4/15)
 Temple: D:4-7

Altars:
Fedhas


Innate Abilities, Weirdness & Mutations

You reflexively headbutt those who attack you in melee.
You have a pair of horns on your head.


Message History

You block the adder's attack.
The kobold shoots a poisoned needle.
The poisoned needle completely misses you.
The poisoned needle barely misses the kobold.
You block the jackal's attack. A mysterious force pulls you upwards.
The hatch slams shut behind you.
* * * LOW HITPOINT WARNING * * *
You feel sick.
Drink which item? (? for menu, Esc to quit)
It was a potion of flight.
You feel very buoyant.
You fly up into the air.
* * * LOW HITPOINT WARNING * * *
You feel sick. You block the adder's attack. The jackal closely misses you.
You furiously retaliate!
You headbutt the jackal!
You kill the jackal!
Read which item? (? for menu, Esc to quit)
Okay, then.
Drink which item? (? for menu, Esc to quit)
You feel very mighty all of a sudden.
You die...

##.......(....................
#..#......().##....#..........
#.####............##(.........
#.# ##....##................. #.#
###..........#.##.....## ##.##
#..........<#.#####.### ###...#
#....#..(.....#####.### ..#...#
#...##S................
......#####.##..@..........##.###
.................####......##..
......#####.#..### #.......#
.....#####..#>#######.....#.#
......>..†......................
....###.......#######.....##....
....# #.......# #.....# ... ....#
#.......# #.....# #.# ...##
#.......# #.....# #..


You could see an adder.

Vanquished Creatures
  2 worker ants (D:4)
  An adder (D:2)
  A worm (D:2)
  A giant gecko (D:1)
  9 bats
  2 giant cockroaches (D:1)
  7 goblins
  2 hobgoblins (D:1)
  A jackal (D:2)
  A ball python (D:1)
  2 giant newts (D:2)
  4 kobolds
  7 rats
40 creatures vanquished.

Notes
Turn   | Place    | Note
--------------------------------------------------------------
     0 | D:1      | Izanagi the Minotaur Fighter began the quest for the Orb.
     0 | D:1      | Reached XP level 1. HP: 19/19 MP: 0/0
    93 | D:1      | Reached XP level 2. HP: 24/27 MP: 1/1
   225 | D:1      | Reached skill level 4 in Armour
   728 | D:2      | Reached XP level 3. HP: 33/33 MP: 2/2
   825 | D:2      | Found a blossoming altar of Fedhas.
  1151 | D:2      | You fall through a shaft for 2 floors!
  1165 | D:4      | Reached XP level 4. HP: 32/41 MP: 3/3
  1191 | D:4      | Noticed an ogre
  1223 | D:2      | HP: 2/41 [poisoned by an adder]
  1225 | D:2      | Succumbed to an adder's poison

Vault maps used:
D:1:      dpeg_arrival_rooms_b, nrook_loot_triangle
D:2:      fedhas_altar_2
D:3:      lemuel_doored_altar, serial_corexii_hall, corexii_hall_statues_u,
          corexii_hall_statues_l, minmay_box_of_dots
D:4:      minmay_temple_entry_overgrown, first_bread, grunt_decor_fettered,
          serial_bayou_pond_c, nemelex_deck

Action                   |  1- 3 |  4- 6 || total
-------------------------+-------+-------++-------
Melee: Trident           |   111 |     8 ||   119
  Use: Scroll            |     5 |       ||     5
       Potion            |       |     2 ||     2
  Eat: Pizza             |     1 |       ||     1
